 Dungeon Crawl Stone Soup version 0.31.0-32-g396128a36d (webtiles) character file.

Game seed: 1903723533179257445

75917 PaiMei the Black Sun (level 15, 0/115 (119) HPs)
             Began as a Demonspawn Necromancer on Apr 24, 2024.
             Was a High Priest of Kikubaaqudgha.
             Slain by a death knight
             ... wielding a +0 morningstar
              (19 damage)
             ... on level 14 of the Dungeon.
             The game lasted 01:12:49 (47035 turns).

PaiMei the Black Sun (Demonspawn Necromancer)      Turns: 47035, Time: 01:12:50

HP:   0/115 (119)   AC: 10    Str:  9    XL:     15   Next: 11%
MP:   14/31         EV: 15    Int: 34    God:    Kikubaaqudgha [*****.]
Gold: 759           SH:  5    Dex: 18    Spells: 17/39 levels left

rFire   + . .        I - +10 long sword of the Usurping Gods {freeze, rN+}
rCold   + . .        (no shield)
rNeg    + . .        l - +3 ring mail
rPois   .            n - +0 helmet
rElec   .            J - scarf {rC+ rF+}
rCorr   .            (gloves unavailable)
SInv    .            (no boots)
Will    +....        r - amulet of reflection
Stlth   ++++         U - +6 ring of intelligence
HPRegen 0.39/turn    W - +6 ring of intelligence
MPRegen 0.22/turn

%: reflection
@: lightly drained
A: claws 3, thin skeletal structure 2, foul stench 1, icemail 1, condensation
shield
a: Renounce Religion, Unearth Wretches, Torment


You were on level 14 of the Dungeon.
You worshipped Kikubaaqudgha.
Kikubaaqudgha was extremely pleased with you.
You visited 3 branches of the dungeon, and saw 21 of its levels.
You also visited: Sewer.

You collected 1617 gold pieces.
You spent 858 gold pieces at shops.

Inventory:

Hand Weapons
 h - the +8 spear "Evvysavaeq" {elec, rN+ rCorr}
   (You bought it in a shop on level 14 of the Dungeon)

   rN+:       It protects you from negative energy.
   rCorr:     It protects you from acid and corrosion.
 q - the +8 dagger of Disintegration {flame, rN+ Str+3 Dex+4}
   (You found it on level 3 of the Dungeon)

   Str+3:     It affects your strength (+3).
   Dex+4:     It affects your dexterity (+4).
   rN+:       It protects you from negative energy.
 G - a +3 battleaxe of freezing
 I - the +10 long sword of the Usurping Gods (weapon) {freeze, rN+}
   (You bought it in a shop on level 14 of the Dungeon)

   rN+:       It protects you from negative energy.
 Y - the +5 war axe of Bankruptcy {elec, rC+}
   (You bought it in a shop on level 14 of the Dungeon)

   rC+:       It protects you from cold.
Missiles
 f - 34 poisoned darts (quivered)
Armour
 l - a +3 ring mail (worn)
 n - a +0 helmet (worn)
 w - a +0 troll leather armour {Pargi}
 J - a scarf of resistance (worn)
Magical Staves
 N - a staff of death
Jewellery
 c - a ring of poison resistance
 o - a ring of wizardry
 r - an amulet of reflection (around neck)
 M - a ring of willpower
 U - a +6 ring of intelligence (left claw)
 W - a +6 ring of intelligence (right claw)
Wands
 a - a wand of charming (4)
 z - a wand of acid (9)
 C - a wand of flame (37)
 H - a wand of polymorph (24)
 X - a wand of roots (7)
 Z - a wand of mindburst (7)
Scrolls
 d - a scroll of teleportation
 i - 2 scrolls of blinking
 k - 4 scrolls of enchant armour
 p - a scroll of silence {unknown}
 s - 2 scrolls of poison
 u - 5 scrolls of amnesia
 v - 3 scrolls of vulnerability
 y - 2 scrolls of torment {unknown}
 B - 5 scrolls of immolation
 D - 2 scrolls of fear
 E - 7 scrolls of fog
 F - 4 scrolls of revelation
 P - 5 scrolls of enchant weapon
 Q - 3 scrolls of brand weapon {unknown}
 S - 2 scrolls of noise {unknown}
 T - 2 scrolls of summoning {unknown}
Potions
 b - 4 potions of magic
 e - 3 potions of ambrosia
 g - 5 potions of enlightenment
 j - 5 potions of curing
 m - 2 potions of berserk rage
 t - 4 potions of resistance
 x - 2 potions of heal wounds
 A - a potion of degeneration {unknown}
 K - 2 potions of cancellation
 L - 2 potions of haste
Miscellaneous
 O - a condenser vane
 R - a box of beasts (inert)
 V - a lightning rod (4/4)


   Skills:
 - Level 11.2 Fighting
 + Level 0.7 Axes
 - Level 7.2 Armour
 - Level 10.5 Dodging
 - Level 2.0 Stealth
 + Level 12.9 Spellcasting
 + Level 15.5 Necromancy
 + Level 7.4 Earth Magic
 + Level 1.3 Evocations


You had 17 spell levels left.
You knew the following spells:

 Your Spells              Type           Power      Damage    Failure   Level
a - Necrotise             Necr           100%       1d9       0%          1
b - Vampiric Draining     Necr           91%        2d12      1%          3
c - Animate Dead          Necr           91%        N/A       1%          4
d - Curse of Agony        Necr           91%        N/A       1%          5
e - Borgnjor's Vile Clut  Necr/Erth      39%        N/A       1%          5
f - Anguish               Hex/Necr       32%        N/A       1%          4

Your spell library contained the following spells:

 Spells                   Type           Power      Damage    Failure   Level
 Sublimation of Blood     Necr           91%        N/A       0%          2
 Kiss of Death            Conj/Necr      100%       2d13      1%          1
 Cigotuvi's Dreadful Rot  Necr/Alch/Air  100%       N/A       1%          2
 Fugue of the Fallen      Necr           91%        N/A       1%          3
 Death Channel            Necr           45%        N/A       1%          6
 Apportation              Tloc           42%        N/A       4%          1
 Sting                    Conj/Alch      84%        1d8       4%          1
 Summon Small Mammal      Summ           84%        N/A       4%          1
 Call Imp                 Summ           42%        N/A       8%          2
 Leda's Liquefaction      Alch/Erth      23%        N/A       11%         4
 Petrify                  Alch/Erth      47%        N/A       11%         4
 Call Canine Familiar     Summ           21%        N/A       14%         3
 Dazzling Flash           Conj/Hex       42%        N/A       14%         3
 Frozen Ramparts          Ice            42%        1d7       14%         3
 Ozocubu's Armour         Ice            21%        N/A       14%         3
 Volatile Blastmotes      Fire/Tloc      42%        2d13      14%         3
 Fulminant Prism          Conj/Alch      10%        3d9       43%         4
 Iskenderun's Mystic Bla  Conj/Tloc      21%        2d6       43%         4
 Summon Blazeheart Golem  Fire/Summ      21%        N/A       43%         4
 Metabolic Englaciation   Hex/Ice        10%        N/A       80%         5
 Sculpt Simulacrum        Ice/Alch       10%        N/A       100%        6
 Starburst                Conj/Fire      10%        6d5       100%        6
 Orb of Destruction       Conj           10%        9d6       100%        7
 Spellforged Servitor     Conj/Summ      10%        N/A       100%        7
 Summon Hydra             Summ           10%        N/A       100%        7
 Disjunction              Tloc           10%        N/A       100%        8
 Maxwell's Capacitive Co  Air            10%        ∞         100%        8


Dungeon Overview and Level Annotations

Branches:
Dungeon (15/15)            Temple (1/1) D:5            Lair (5/5) D:11
 Shoals (0/4) Lair:3       Spider (0/4) Lair:2        Slime (0/5) Lair:4
    Orc (0/2) D:12         Vaults (0/5) D:14         Depths (0/4) D:15
  Sewer (visited)

Altars:
Ashenzari
Cheibriados
Dithmenos
Fedhas
Gozag
Hepliaklqana
Kikubaaqudgha
Makhleb
Nemelex Xobeh
Okawaru
Qazlal
Ru
Sif Muna
Trog
Uskayaw
Vehumet
Wu Jian
Xom
Yredelemnul

Shops:
D:4 :   D:5 [   D:11 [   D:12 [   D:13 (   D:14 (*

Annotations:
D:6 3 runed translucent doors, Wyrdwulf's ghost, novice DsSu; markshark's ghost, novice MiFi
D:11 4 transporters
D:15 Nessos
Lair:5 2 runed translucent doors


Innate Abilities, Weirdness & Mutations

You have claws for hands.
You have a moderately thin skeletal structure. (Dex +4, Stealth++)
You may rarely emit foul miasma when damaged in melee.
A meltable icy envelope protects you from harm. (AC +0)
A meltable shield of frost defends you. (SH +0)


Message History

Your icy defences dissipate!
You resist.
The death knight calls down the wrath of Yredelemnul upon you.
You resist with significant effort.
You slice the red ugly thing!! You freeze the red ugly thing!
You kill the red ugly thing!
Kikubaaqudgha accepts your kill.
The zombie hands constrict the death knight!
The zombie hands release their grip on the death knight.
The death knight invokes the aid of Yredelemnul against you.
You resist with significant effort.
The death knight reflects your damage back at you!
Your lightning rod (4/4) has regained one charge.
The death knight completely misses you.
Casting: Borgnjor's Vile Clutch (mildly dangerous; 1% risk of failure)
Confirm with . or Enter, or press ? or * to list all spells.
Aiming: Borgnjor's Vile Clutch (mildly dangerous; 1% risk of failure)
Press: ? - help, Shift-Dir - straight line, f/p - death knight
Aim: a death knight, wielding a +0 morningstar and wearing a +0 chain mail (moderately wounded, reflecting injuries, 100% to hit)
Zombie hands grab the death knight.
The zombie hands constrict the death knight.
The death knight hits you with a +0 morningstar!
The death knight reflects your damage back at you!
You hit the death knight. You freeze the death knight.
The death knight is moderately wounded.
The death knight reflects your damage back at you!
The zombie hands constrict the death knight!
The death knight mumbles some strange prayers to Yredelemnul against you.
Your body is wracked with pain!
* * * LOW HITPOINT WARNING * * *
The death knight reflects your damage back at you!
* * * LOW HITPOINT WARNING * * *
You slash the death knight! You freeze the death knight.
The death knight is severely wounded.
The death knight reflects your damage back at you!
* * * LOW HITPOINT WARNING * * *
The zombie hands constrict the death knight.
The death knight hits you with a +0 morningstar!!
You die...
Kikubaaqudgha rasps: "You have failed me!
Welcome... death!"

#..######...................
#.#### #.........#####.....
###....# #.........#...###...
#...##.####.........'.....#...
#............<......#.....#...
#...................#.....#...
#.............#####.#.....#...
#............># #.#.....#...
#....#.#....p@# #.#.....#...
#...##.##.....# #.#.....#...
#.../#∩#......# #.#######...
#...##)##.....#####......<....
#....#.#..............).......
##............................
#............................
#............................
#.................#####'####.


You could see a death knight (reflects damage, clutched).

Vanquished Creatures
  Agnes (D:14)
  Kirke (D:14)
  A vault guard (D:14)
  4 hydras
  2 centaur warriors
  A dancing weapon (D:14)
  2 two-headed ogres
  6 death yaks
  A skyshark (Lair:5)
  Nergalle (Lair:3)
  Lodul (D:14)
  A fire crab (Lair:5)
  A lindwurm (Lair:2)
  2 manticores (D:13)
  7 ugly things
  2 cyclopes
  A black mamba (shapeshifter) (D:15)
  A smoke demon (D:14)
  5 elephants (Lair:5)
  9 black mambas
  A molten gargoyle (Lair:5)
  10 cane toads
  A gargoyle (D:13)
  2 rime drakes
  An ice devil (D:14)
  An unseen horror (D:12)
  6 komodo dragons
  A yaktaur (D:15)
  A freezing wraith (D:14)
  Psyche (D:11)
  A merfolk (Lair:3)
  3 polar bears
  7 trolls
  A hornet (D:9)
  16 dream sheep
  12 blink frogs
  6 slime creatures
  5 wraiths
  A shadow (D:9)
  6 wyverns
  43 yaks
  3 basilisks
  A water elemental (D:15)
  3 hogs (D:14)
  9 redbacks
  5 steam dragons
  Edmund (D:6)
  4 vampire mosquitoes
  10 water moccasins
  An acid dragon (D:9)
  2 hell hounds (Lair:5)
  5 ice beasts
  Pargi (Sewer)
  3 orc warriors
  A sky beast (D:7)
  A laughing skull (D:15)
  9 ogres
  2 black bears
  15 wolves
  5 centaurs
  4 phantoms
  A brain worm (Sewer)
  A gnoll sergeant (D:10)
  15 bullfrogs
  4 scorpions
  13 wights
  6 killer bees (D:7)
  7 howler monkeys
  An electric eel (Lair:3)
  3 crimson imps (D:14)
  2 bombardier beetles
  4 lava snakes (Lair:5)
  7 hounds
  A jelly (D:4)
  3 orc priests
  2 gnoll boudas
  2 sleepcaps
  5 iguanas
  11 orc wizards
  8 gnolls
  5 adders
  A river rat (D:4)
  A shadow imp (D:6)
  4 white imps (D:14)
  4 ufetubi (D:5)
  2 dart slugs
  3 ribbon worms
  28 orcs
  5 endoplasms
  2 giant cockroaches (D:1)
  10 goblins
  8 hobgoblins
  2 jackals (D:5)
  7 quokkas
  5 ball pythons
  11 bats
  3 frilled lizards (D:2)
  15 kobolds
  4 rats
477 creatures vanquished.

Vanquished Creatures (collateral kills)
  A hydra (Lair:4)
  A centaur warrior (D:13)
  A deep elf pyromancer (D:14)
  An ugly thing (D:13)
  A cyclops (D:11)
  4 elephants (Lair:5)
  A cane toad (Lair:2)
  A yaktaur (D:15)
  A rime drake (Lair:5)
  A kobold demonologist (D:12)
  3 komodo dragons
  2 merfolk (Lair:3)
  A wolf spider simulacrum (D:14)
  2 dream sheep (Lair:5)
  11 slime creatures
  A yak (shapeshifter) (D:13)
  10 yaks
  A water elemental (D:15)
  2 basilisks
  A vampire mosquito (D:12)
  A redback (Lair:2)
  2 water moccasins
  9 wolves
  A kobold brigand (D:7)
  3 bullfrogs
  2 howler monkeys (D:10)
  3 orc wizards (D:13)
  5 orcs (D:13)
  A bat (D:4)
  A butterfly (Lair:3)
75 creatures vanquished.

Vanquished Creatures (others)
  3 hydras
  A tengu warrior (D:14)
  An ugly thing (D:14)
  A cane toad (Lair:5)
  2 molten gargoyles (Lair:5)
  A death yak zombie (Lair:5)
  A komodo dragon (Lair:4)
  2 hydra zombies
  2 trolls
  A black mamba zombie (Lair:2)
  A human (D:14)
  2 yaks (D:12)
  A basilisk (Lair:5)
  A merfolk zombie (Lair:3)
  A skyshark zombie (Lair:5)
  4 cane toad zombies
  A hell hound (Lair:5)
  2 elephant zombies (Lair:5)
  A manticore zombie (D:13)
  2 rime drake zombies
  A komodo dragon zombie (Lair:5)
  2 wyvern zombies
  A cyclops zombie (D:15)
  8 yak zombies
  A polar bear zombie (Lair:4)
  A crimson imp (D:14)
  An orc priest (D:13)
  A bullfrog zombie (Lair:2)
  3 howler monkey zombies (D:10)
  An orc zombie (D:13)
51 creatures vanquished.

Grand Total: 603 creatures vanquished

Notes
Turn   | Place    | Note
-------+----------+-------------------------------------------
     0 | D:1      | PaiMei the Demonspawn Necromancer began the quest for the
                  | Orb.
     0 | D:1      | Reached XP level 1. HP: 13/13 MP: 3/3
   280 | D:1      | Gained mutation: A meltable shield of frost defends you.
                  | (SH +0) [demonic ancestry]
   280 | D:1      | Reached XP level 2. HP: 19/19 MP: 3/5
  1115 | D:1      | Gained mutation: You have sharp fingernails. [demonic
                  | ancestry]
  1115 | D:1      | Reached XP level 3. HP: 25/25 MP: 4/6
  1119 | D:1      | Learned a level 3 spell: Vampiric Draining
  1714 | D:2      | Found a faded altar of an unknown god.
  1724 | D:2      | Reached skill level 1 in Fighting
  2424 | D:2      | Reached XP level 4. HP: 32/32 MP: 5/7
  2782 | D:3      | Identified the +8 dagger of Disintegration {flame, rN+
                  | Str+3 Dex+4}
  2870 | D:3      | Found a hazy altar of Hepliaklqana.
  2892 | D:3      | Reached skill level 5 in Necromancy
  3640 | D:3      | Gained mutation: You have very sharp fingernails. [demonic
                  | ancestry]
  3640 | D:3      | Reached XP level 5. HP: 38/38 MP: 5/9
  4195 | D:4      | Found Tonnav Sent's Tremendous Tomes.
  4270 | D:4      | Noticed an ogre
  4279 | D:4      | Killed an ogre
  4351 | D:4      | Found a glowing drain.
  4370 | D:4      | Gained mutation: You have a somewhat thin skeletal
                  | structure. (Dex +2, Stealth+) [demonic ancestry]
  4370 | D:4      | Reached XP level 6. HP: 46/46 MP: 2/10
  4409 | Sewer    | Entered a sewer
  4766 | Sewer    | Noticed Pargi
  4983 | Sewer    | Killed Pargi
  5180 | D:4      | Reached skill level 6 in Necromancy
  5402 | D:4      | Gained mutation: A meltable icy envelope protects you from
                  | harm. (AC +0) [demonic ancestry]
  5402 | D:4      | Reached XP level 7. HP: 52/52 MP: 7/12
  6162 | D:5      | Entered Level 5 of the Dungeon
  6338 | D:5      | Found Luucioll's Antique Armour Boutique.
  6707 | D:5      | Found a staircase to the Ecumenical Temple.
  6716 | Temple   | Entered the Ecumenical Temple
  6722 | Temple   | Learned a level 4 spell: Animate Dead
  6753 | Temple   | Became a worshipper of Kikubaaqudgha
  6971 | D:5      | Reached XP level 8. HP: 60/60 MP: 10/14
  7299 | D:5      | Reached skill level 7 in Necromancy
  7854 | D:6      | Learned a level 5 spell: Curse of Agony
  7903 | D:6      | Found a runed translucent gate.
  7903 | D:6      | Found a runed translucent gate.
  7904 | D:6      | Found a runed translucent gate.
  7905 | D:6      | Noticed markshark's ghost (novice MiFi)
  7905 | D:6      | Noticed Wyrdwulf's ghost (novice DsSu)
  7972 | D:6      | Reached skill level 5 in Spellcasting
  8031 | D:6      | Reached skill level 5 in Dodging
  8051 | D:6      | Reached skill level 5 in Fighting
  8187 | D:6      | Found a sparkling altar of Nemelex Xobeh.
  8187 | D:6      | Found a snail-covered altar of Cheibriados.
  8238 | D:6      | Reached * piety under Kikubaaqudgha
  8238 | D:6      | Received a gift from Kikubaaqudgha
  8639 | D:6      | Noticed Edmund
  8651 | D:6      | Reached XP level 9. HP: 59/68 MP: 3/17
  8655 | D:6      | Killed Edmund
  8770 | D:6      | Reached skill level 8 in Necromancy
  9334 | D:7      | Found a blossoming altar of Fedhas.
  9400 | D:7      | Found a shimmering blue altar of Sif Muna.
 10425 | D:7      | Reached ** piety under Kikubaaqudgha
 10797 | D:7      | Found an opulent altar of Gozag.
 10818 | D:7      | Found a sacrificial altar of Ru.
 11084 | D:8      | Reached skill level 9 in Necromancy
 11242 | D:8      | Gained mutation: You have claws for hands. [demonic
                  | ancestry]
 11242 | D:8      | Reached XP level 10. HP: 63/79 MP: 2/20
 13326 | D:9      | Reached skill level 10 in Necromancy
 13380 | D:9      | Noticed a centaur warrior
 13663 | D:9      | Killed a centaur warrior
 14429 | D:10     | Entered Level 10 of the Dungeon
 14502 | D:10     | Reached XP level 11. HP: 82/83 MP: 17/23
 14590 | D:10     | Reached *** piety under Kikubaaqudgha
 14590 | D:10     | Received a gift from Kikubaaqudgha
 14808 | D:10     | Identified the +4 dagger of Tyfeot {drain, rPois}
 15466 | D:10     | Identified the +4 robe of the Other Side {rN++ rCorr Str-4
                  | Archmagi}
 16224 | D:11     | Found a staircase to the Lair.
 16242 | D:11     | Noticed Psyche
 16243 | D:11     | Reached skill level 11 in Necromancy
 16247 | D:11     | Killed Psyche
 16358 | D:11     | Found a transporter.
 16361 | D:11     | Found a transporter.
 16363 | D:11     | Found a transporter.
 16374 | D:11     | Found Fifounic's Armour Boutique.
 16621 | D:11     | Noticed a two-headed ogre
 16627 | D:11     | Killed a two-headed ogre
 16696 | D:11     | Found a transporter.
 16947 | Lair:1   | Entered Level 1 of the Lair of Beasts
 16997 | Lair:1   | You fall into a shaft and drop 1 floor!
 17463 | Lair:2   | Identified the +8 falchion of Puzopp {flame, rElec rPois
                  | MP-9}
 17479 | Lair:2   | Reached **** piety under Kikubaaqudgha
 17622 | Lair:2   | Found a hole to the Spider Nest.
 18053 | Lair:2   | Gained mutation: You have a moderately thin skeletal
                  | structure. (Dex +4, Stealth++) [demonic ancestry]
 18053 | Lair:2   | Reached XP level 12. HP: 66/97 MP: 12/25
 18442 | Lair:2   | Reached skill level 10 in Fighting
 19123 | Lair:1   | Reached skill level 12 in Necromancy
 19637 | Lair:1   | Noticed an eight-headed hydra
 20203 | Lair:1   | Reached skill level 10 in Spellcasting
 20397 | Lair:1   | Reached skill level 10 in Dodging
 20941 | Lair:3   | Noticed Nergalle
 22893 | Lair:3   | Killed Nergalle
 23652 | Lair:3   | Found a staircase to the Shoals.
 24102 | Lair:4   | Noticed an eight-headed hydra
 24180 | Lair:4   | Reached XP level 13. HP: 40/106 MP: 0/27
 24433 | Lair:4   | Learned a level 5 spell: Borgnjor's Vile Clutch
 24438 | Lair:4   | Learned a level 4 spell: Anguish
 24550 | Lair:4   | Reached skill level 13 in Necromancy
 24670 | Lair:4   | Reached skill level 1 in Armour
 24670 | Lair:4   | Reached skill level 1 in Earth Magic
 25697 | Lair:4   | Found a staircase to the Slime Pits.
 26118 | Lair:5   | Entered Level 5 of the Lair of Beasts
 26131 | Lair:4   | Reached ***** piety under Kikubaaqudgha
 31945 | Lair:5   | Reached skill level 14 in Necromancy
 32236 | Lair:5   | Found a large runed translucent door.
 32236 | Lair:5   | Noticed a fire dragon
 34257 | Lair:5   | Reached XP level 14. HP: 49/113 MP: 11/29
 34273 | Lair:5   | Reached skill level 5 in Armour
 34273 | Lair:5   | Reached skill level 5 in Earth Magic
 35671 | Lair:5   | Found a large runed translucent door.
 36780 | D:12     | Identified the +7 whip "Keemioca" {vamp, *Rage Fly rElec
                  | rPois}
 37321 | D:12     | Found Buitank's Antique Armour Emporium.
 37368 | D:12     | Found a staircase to the Orcish Mines.
 38830 | D:13     | Found Peuc's Antique Weapon Emporium.
 39314 | D:13     | Got the Discursus on Geometric Black Rites
 40184 | D:14     | Reached skill level 15 in Necromancy
 40793 | D:14     | Found Guveonask's Antique Weapon Shoppe.
 42604 | D:14     | Found a gate to the Vaults.
 42676 | D:14     | Noticed Agnes
 42716 | D:14     | Found Horoiqudo's Assorted Antiques.
 42754 | D:14     | Killed Agnes
 43074 | D:14     | Noticed Kirke
 43094 | D:14     | Killed Kirke
 43119 | D:14     | Noticed Lodul
 43128 | D:14     | You fall into a shaft and drop 1 floor!
 43128 | D:15     | Entered Level 15 of the Dungeon
 43424 | D:15     | Found an iron altar of Okawaru.
 43560 | D:15     | Found a staircase to the Depths.
 43561 | D:15     | Noticed a stone giant
 43577 | D:15     | Noticed Nessos
 45325 | D:14     | Gained mutation: You may rarely emit foul miasma when
                  | damaged in melee. [demonic ancestry]
 45325 | D:14     | Reached XP level 15. HP: 119/119 MP: 26/31
 45827 | D:14     | Killed Lodul
 46161 | D:14     | Bought a dazzling war axe for 340 gold pieces
 46161 | D:14     | Identified the +5 war axe of Bankruptcy {elec, rC+} (You
                  | bought it in a shop on level 14 of the Dungeon)
 46161 | D:14     | Bought a scroll labelled ERRUSA HOATI for 40 gold pieces
 46262 | D:14     | Bought a faintly glowing spear for 232 gold pieces
 46262 | D:14     | Identified the +8 spear "Evvysavaeq" {elec, rN+ rCorr} (You
                  | bought it in a shop on level 14 of the Dungeon)
 46262 | D:14     | Bought a polished long sword for 246 gold pieces
 46262 | D:14     | Identified the +10 long sword of the Usurping Gods {freeze,
                  | rN+} (You bought it in a shop on level 14 of the Dungeon)
 46294 | D:14     | Reached skill level 1 in Evocations
 47035 | D:14     | Slain by a death knight

Illustrated notes

Levels and vault maps discovered:
D:1:      ncdulo_watergridlock, layout_basic, st_stairs_13,
          ebering_dispersal_statue_hall, minmay_misc_feat_plants
D:2:      layout_basic, shapermc_ecumenical_altar_gd
D:3:      layout_loops_cross, mainiacjoe_overflow_large_starburst,
          hangedman_decor_push
D:4:      layout_layer_cave, cheibrodos_sewer_entry_sluice,
          nicolae_shop_i_like_big_books
D:5:      layout_basic, lemuel_round_altar, minmay_temple_entry_junction_2,
          serial_shops, shop
D:6:      layout_basic, gammafunk_temple_overflow_wave,
          gammafunk_ghost_cemetery, nicolae_the_louvre, uniq_edmund
D:7:      nicolae_cairo_tiling, layout_basic, lemuel_crystal_altar,
          mainiacjoe_overflow_concentric_impassable, grunt_gozag_statues,
          lemuel_tele_altar, minmay_fountain_box
D:8:      layout_cave_pools
D:9:      minmay_the_grid_square_5x5_3x3 [minmay_the_grid_square_5x5_minimal,
          minmay_the_grid_square_5x5_beaten_path,
          minmay_the_grid_square_5x5_checkered,
          minmay_the_grid_square_5x5_fat_x,
          minmay_the_grid_square_5x5_megaprize_hollow,
          minmay_the_grid_square_5x5_spiral_small,
          minmay_the_grid_square_5x5_bridge,
          minmay_the_grid_square_5x5_minivault, minmay_the_grid_square_5x5_n],
          layout_rooms
D:10:     layout_rooms, minivault_23, minmay_holes
D:11:     layout_irregular_city, lair_entry_dummy, serial_shops, shop,
          nicolae_diode_quadrants, uniq_psyche
D:12:     layout_long_grid, orc_0_dummy, serial_shops, nicolae_stop_n_shop_1
D:13:     layout_gridville, serial_shops, nicolae_diamond_shop,
          nicolae_zig_zag_zippers
D:14:     layout_irregular_city, erik_vaults_1, serial_shops,
          nicolae_shop_waterfront, nicolae_shop_waterfront,
          minmay_misc_feat_more_columns, drop_trap, minmay_fire_ice_demons,
          uniq_lodul, uniq_agnes, uniq_kirke
D:15:     grunt_enter_depths_giant_problem, layout_long_grid, okawaru_trees_2,
          fungi_pond_lemuel, uniq_nessos
Temple:   nicolae_temple_bog_church
Lair:1:   layout_loops_ring
Lair:2:   layout_cave_pods, spider_nest_entry_a, nicolae_lair_lindhole
Lair:3:   layout_regular_city, mainiacjoe_shoals_entry_four_pools,
          grunt_megastairs_4, infiniplex_staircase_pool, lemuel_fruit_fields,
          lemuel_fruit_fields, serial_bayou_shore_a, uniq_nergalle
Lair:4:   layout_gridlike, minmay_slime_entry_pillars,
          cheibrodos_lair_caveside_slide, st_stairs_3
Lair:5:   cheibrodos_lair_end_hotspot, layout_misc_corridors,
          serial_bayou_pond_d, nicolae_lair_grove_arrangements

Skill      XL: |  1  2  3  4  5  6  7  8  9 10 11 12 13 14 15 |
---------------+----------------------------------------------+-----
Stealth        | 2 |  2.0
Dodging        | 2 3 4 5 6 8 9 10 | 10.5
Fighting       | 1 2 3 4 5 7 8 9 11 | 11.2
Necromancy     | 5 6 7 9 10 11 12 14 15 | 15.5
Spellcasting   | 3 4 5 6 8 9 10 11 12 | 12.9
Armour         | 4 7 |  7.2
Earth Magic    | 4 7 |  7.4
Evocations     | 1 |  1.3
Axes           | |  0.7

Action                     |  1- 3 |  4- 6 |  7- 9 | 10-12 | 13-15 || total
---------------------------+-------+-------+-------+-------+-------++-------
  Melee: Unarmed           |     6 |       |       |       |       ||     6
         Dagger            |    13 |    39 |   139 |   403 |   565 ||  1159
         Hand axe          |    24 |       |       |       |       ||    24
         Punch             |       |       |     2 |     2 |     9 ||    13
         Long sword        |       |       |       |       |    18 ||    18
   Cast: Necrotise         |    82 |    58 |   109 |    98 |    48 ||   395
         Vampiric Draining |       |     4 |    95 |   225 |   122 ||   446
         Animate Dead      |       |       |       |    12 |    13 ||    25
         Curse of Agony    |       |       |       |    20 |    25 ||    45
         Borgnjor's Vile C |       |       |       |       |   134 ||   134
         Anguish           |       |       |       |       |    46 ||    46
  Evoke: Wand              |       |       |       |       |     5 ||     5
         Box of beasts     |       |       |       |       |     1 ||     1
         Lightning rod     |       |       |       |       |     1 ||     1
    Use: Scroll            |       |       |       |    13 |    14 ||    27
         Potion            |       |       |       |       |    11 ||    11
   Stab: Sleeping          |       |       |     1 |     4 |     1 ||     6
         Distracted        |       |       |       |     6 |     3 ||     9
 Armour: Robe              |    12 |       |       |       |       ||    12
         Ring mail         |    22 |    45 |   121 |   397 |   676 ||  1261
  Dodge: Dodged            |    22 |    35 |   146 |   407 |   645 ||  1255
  Block: Other             |     8 |     5 |    54 |   235 |   335 ||   637
         Reflection        |       |       |       |     5 |     8 ||    13
